 Dungeon Sprint DCSS version 0.30-a0-50-gb2d611f6b1 (webtiles) character file.

Game seed: 16620647345753629894

1526 rocky1 the Fighter (level 8, 0/105 HPs)
             Began as an Ogre Gladiator on Sept 5, 2022.
             Was a Believer of Okawaru.
             Killed by vampiric draining
             ... invoked by a vampire mage
              (14 damage)
             ... in the Dungeon (Sprint VII: "The Pits").
             The game lasted 00:04:06 (1360 turns).

rocky1 the Fighter (Ogre Gladiator)                 Turns: 1360, Time: 00:04:07

Health: 0/105      AC:  5    Str: 21    XL:     8   Next: 85%
Magic:  3/3        EV: 10    Int:  9    God:    Okawaru [**....]
Gold:   0          SH:  0    Dex: 10    Spells: 7/7 levels left

rFire   . . .      SeeInvis .    n - +2 hand axe (antimagic)
rCold   . . .      Faith    .    (no shield)
rNeg    . . .      Spirit   .    r - +0 troll leather armour {Pargi}
rPois   .          Reflect  .    c - +0 hat
rElec   .          Harm     .    (no cloak)
rCorr   .          Rampage  .    (gloves unavailable)
Will    .....      NoTele   +    (boots unavailable)
Stlth   +.........               (no amulet)
HPRegen 1.07/turn                (no ring)
MPRegen 0.08/turn                (no ring)

@: on berserk cooldown, slowed, very slow
A: large, unfitting armour, tough skin 1
a: Renounce Religion, Heroism


You were in the Dungeon.
You worshipped Okawaru.
Okawaru was pleased with you.
You visited 1 branch

Inventory:

Hand Weapons
 a - a +0 giant club
 n - a +2 antimagic hand axe (weapon)
 o - a +0 giant spiked club
 p - a +3 hand axe of freezing
 q - a +1 flail of protection
Missiles
 d - 3 throwing nets (quivered)
 e - a large rock
Armour
 b - a +0 robe
 c - a +0 hat (worn)
 r - a +0 troll leather armour (worn) {Pargi}
Scrolls
 k - a scroll of blinking
 m - 5 scrolls of amnesia
Potions
 f - 6 potions of curing
 g - 4 potions of heal wounds
 h - a potion of haste
 i - 4 potions of magic
 j - a potion of berserk rage
 l - 2 potions of invisibility


   Skills:
 + Level 14.1 Fighting
 * Level 14.1 Maces & Flails
 - Level 2.0 Throwing
 + Level 1.8 Armour
 + Level 3.5 Dodging
 + Level 2.5 Invocations


You had 7 spell levels left.
You didn't know any spells.
Your spell library was empty.

Dungeon Overview and Level Annotations

Branches:
Dungeon (1/1)

Altars:
Ashenzari
Cheibriados
Dithmenos
Elyvilon
Fedhas
Gozag
Hepliaklqana
Kikubaaqudgha
Makhleb
Nemelex Xobeh
Okawaru
Qazlal
Ru
Sif Muna
Trog
Uskayaw
Vehumet
Wu Jian
Xom
Yredelemnul
Zin
The Shining One
Jiyva
Lugonu


Innate Abilities, Weirdness & Mutations

You are too large for most types of armour.
You have tough skin. (AC +1)


Message History

Something bites you.
Something draws strength from your injuries!
You hammer something like a gong!!!
The adder skeleton bites you but does no damage.
Something draws life force from you!
* * * LOW HITPOINT WARNING * * *
The adder skeleton bites you.
* * * LOW HITPOINT WARNING * * *
Something draws life force from you!
* * * LOW HITPOINT WARNING * * *
You feel much better. The adder skeleton misses you. Something hits you.
Something bites you!
* * * LOW HITPOINT WARNING * * *
Something draws strength from your injuries!
Okay, then.
Okay, then.
You feel magic leave you.
n - a +2 antimagic hand axe (weapon)
The adder skeleton bites you but does no damage.
Something hits you!
* * * LOW HITPOINT WARNING * * *
Something bites you!
* * * LOW HITPOINT WARNING * * *
Something draws strength from your injuries!
You feel much better.
The adder skeleton bites you but does no damage.
Something hits you!
* * * LOW HITPOINT WARNING * * *
Something bites you!
* * * LOW HITPOINT WARNING * * *
Something draws strength from your injuries!
The adder skeleton closely misses you.
You hit something. You hit the adder skeleton.
You hear some strange, mumbled words.
The adder skeleton bites you but does no damage.
You completely miss something. You slash the adder skeleton!
The adder skeleton bites you.
* * * LOW HITPOINT WARNING * * *
Something draws life force from you!
You die...

#.##'####).##.......#
#.#.....#..##.......#
#.#.†)..#'###...<...#
#.#........##.......#
#.#........##.......#
#÷###########.......#
#.§.....#..##########
#..###..#Z## ###
#.......#@# h..#
##.###.##{#....#
#.......#ZM.V..+
#..###..#)#.s..#
#..)....'.#....#
########### ####


You could see a mummy (summoned) and 2 adder skeletons.

Vanquished Creatures
  A two-headed ogre (D)
  A demonic crawler (D)
  A warg (D)
  Pargi (D)
  A floating eye (D)
  A black bear (D)
  An ogre (D)
  A gnoll sergeant (D)
  A crimson imp (D)
  A jelly (D)
  A mummy (D)
  2 gnolls (D)
  An adder (D)
  An adder skeleton (D)
  An orc (D)
  A goblin (D)
  A hobgoblin (D)
  4 jackals (D)
  A ball python (D)
  A ball python zombie (D)
  A bat (D)
  A frilled lizard (D)
26 creatures vanquished.

Notes
Turn   | Place    | Note
-------+----------+-------------------------------------------
     0 | D        | rocky1 the Ogre Gladiator began the quest for the Orb.
     0 | D        | Reached XP level 1. HP: 22/22 MP: 1/1
    18 | D        | Found a bloodstained altar of Trog.
    18 | D        | Found a shimmering blue altar of Sif Muna.
    18 | D        | Found a viscous altar of Jiyva.
    18 | D        | Found a hazy altar of Hepliaklqana.
    18 | D        | Found an opulent altar of Gozag.
    19 | D        | Found a glowing golden altar of the Shining One.
    19 | D        | Found a glowing silver altar of Zin.
    19 | D        | Found a basalt altar of Yredelemnul.
    19 | D        | Found a shimmering altar of Xom.
    19 | D        | Found an ornate altar of the Wu Jian Council.
    19 | D        | Found a sacrificial altar of Ru.
    19 | D        | Found a stormy altar of Qazlal.
    19 | D        | Found an iron altar of Okawaru.
    19 | D        | Found a sparkling altar of Nemelex Xobeh.
    19 | D        | Found a burning altar of Makhleb.
    19 | D        | Found a blossoming altar of Fedhas.
    19 | D        | Found a white marble altar of Elyvilon.
    19 | D        | Found a shadowy altar of Dithmenos.
    19 | D        | Found a snail-covered altar of Cheibriados.
    21 | D        | Found a radiant altar of Vehumet.
    21 | D        | Found a corrupted altar of Lugonu.
    22 | D        | Found a hide-covered altar of Uskayaw.
    22 | D        | Found an ancient bone altar of Kikubaaqudgha.
    22 | D        | Found a broken altar of Ashenzari.
    27 | D        | Became a worshipper of Warmaster Okawaru
    72 | D        | Reached XP level 2. HP: 18/32 MP: 2/2
   495 | D        | Reached skill level 5 in Fighting
   495 | D        | Reached skill level 5 in Maces & Flails
   495 | D        | Reached XP level 3. HP: 38/42 MP: 3/3
   557 | D        | Noticed an ogre
   558 | D        | Noticed a warg
   558 | D        | Noticed a floating eye
   563 | D        | Paralysed by a floating eye for 2 turns
   567 | D        | Killed an ogre
   568 | D        | Reached XP level 4. HP: 33/55 MP: 4/4
   568 | D        | Reached XP level 5. HP: 38/62 MP: 5/5
   574 | D        | Killed a warg
   574 | D        | Reached * piety under Okawaru
   575 | D        | Reached XP level 6. HP: 32/76 MP: 6/6
   576 | D        | Killed a floating eye
   577 | D        | Reached skill level 10 in Fighting
   577 | D        | Reached skill level 10 in Maces & Flails
   918 | D        | Noticed a two-headed ogre
   926 | D        | Killed a two-headed ogre
   927 | D        | Reached XP level 7. HP: 30/93 MP: 4/7
   927 | D        | Reached XP level 8. HP: 33/102 MP: 4/8
  1182 | D        | Noticed Pargi
  1191 | D        | Killed Pargi
  1191 | D        | Reached ** piety under Okawaru
  1332 | D        | Noticed a vampire mage
  1332 | D        | Noticed a demonic crawler
  1341 | D        | Killed a demonic crawler
  1342 | D        | Reached skill level 1 in Armour
  1360 | D        | Killed from afar by a vampire mage

Illustrated notes

Levels and vault maps discovered:
D:        pitsprint [storerooms_1, entrance_room_1, metal_vault_8, armoury_3,
          mini_pit_1, grid_room_1, main_hall_1, silver_pit, the_coven_3,
          the_vestibule_1, steel_vault_3, golden_pit, hallway_of_sentries,
          crystal_vault_5, iron_vault_2, final_vault]

Skill      XL: |  1  2  3  4  5  6  7  8 |
---------------+-------------------------+-----
Fighting       | 4 5 7 9 13 14 | 14.1
Maces & Flails | 4 5 7 9 13 14 | 14.1
Armour         | 1 |  1.8
Dodging        | 3 |  3.5
Invocations    | 2 |  2.5
Throwing       | |  2.0

Action                   |  1- 3 |  4- 6 |  7- 9 || total
-------------------------+-------+-------+-------++-------
Melee: Mace              |    29 |       |       ||    29
       Flail             |     5 |    24 |    14 ||    43
       Punch             |     1 |       |       ||     1
       Giant spiked club |       |       |    16 ||    16
       Hand axe          |       |       |     2 ||     2
Invok: Heroism           |       |     1 |     1 ||     2
  Use: Potion            |     1 |       |     3 ||     4
Armor: Robe              |    10 |     1 |     7 ||    18
       Troll leather arm |       |       |    11 ||    11
Dodge: Dodged            |    16 |    11 |    20 ||    47

Table legend: (Time is in decaauts)
 A = Elapsed time spent in this place.
 B = Non-inter-level travel time spent in this place.
 C = Inter-level travel time spent in this place.
 D = Time resting spent in this place.
 E = Time spent auto-exploring this place.
 F = Levels seen in this place.
 G = Mean time per level.
                   A        B        C        D        E       F      G
               +--------+--------+--------+--------+--------+-----+--------+
         Total |   1365 |   1345 |     20 |   1038 |      0 |   1 | 1365.0 |
       Dungeon |   1365 |   1345 |     20 |   1038 |      0 |   1 | 1365.0 |
               +--------+--------+--------+--------+--------+-----+--------+

Top non-repeatable levels by time:
       D: 1365 daAuts
